 Dungeon Crawl Stone Soup version 0.25-a0-544-gee0576305d (webtiles) character file.

Game seed: 5891483568766950369, levelgen mode: deterministic

10803 Froggeryz the Basher (level 11, 0/138 HPs)
             Began as a Pale Draconian Wanderer on Feb 20, 2020.
             Was a High Priest of Okawaru.
             Succumbed to a wolf spider's poison
             ... in a Gauntlet.
             The game lasted 00:33:10 (13013 turns).

Froggeryz the Basher (Pale Draconian Wanderer)     Turns: 13013, Time: 00:33:11

Health: 0/138      AC: 11    Str: 27    XL:     11   Next: 41%
Magic:  14/14      EV: 14    Int: 18    God:    Okawaru [*****.]
Gold:   562        SH:  0    Dex:  8    Spells: 9/12 levels left

rFire    . . .     SeeInvis +   t - +6 rapier of Fee Simple {vorpal, *Slow +Rage Int+3}
rCold    . . .     Gourm    +   (no shield)
rNeg     . . .     Faith    .   (armour unavailable)
rPois    .         Spirit   .   (helmet restricted)
rElec    .         Reflect  .   x - +0 cloak
rCorr    .         Harm     .   q - +2 pair of gloves
MR       .....     NoTele   +   (no boots)
Stlth    ..........             o - amulet of the gourmand
HPRegen  0.33/turn              F - +4 ring of strength
MPRegen  0.14/turn              n - ring of see invisible

@: berserking, lethally poisoned (0 -> -7), short of breath, slowed
A: breathe steam, unfitting armour, cold-blooded, AC +7
a: Breathe Steam, Heroism, Finesse, Renounce Religion, Evoke Berserk Rage


You were in a Gauntlet.
You worshipped Okawaru.
Okawaru was extremely pleased with you.
You were full.

You visited 3 branches of the dungeon, and saw 12 of its levels.
You also visited: Gauntlet.

You collected 562 gold pieces.

Inventory:

Hand Weapons
 h - a +2 flail of protection
 t - the +6 rapier of Fee Simple (weapon) {vorpal, *Slow +Rage Int+3}
   (Okawaru gifted it to you on level 10 of the Dungeon)

   It inflicts extra damage upon your enemies.
   It affects your intelligence (+3).
   It lets you go berserk.
   It may slow you when you take damage.
 w - a +2 quarterstaff of chaos
 A - a +2 dire flail
 C - a cursed +5 flail
Missiles
 b - 15 poisoned darts
 i - 4 curare-tipped darts (quivered)
 m - 3 throwing nets
 r - 13 javelins
Armour
 g - a +0 buckler
 q - a +2 pair of gloves (worn)
 x - a +0 cloak (worn)
 H - a +0 kite shield
Jewellery
 j - an uncursed ring of wizardry
 n - a ring of see invisible (right hand)
 o - an amulet of the gourmand (around neck)
 s - an uncursed ring of flight
 y - an uncursed ring of resist corrosion {unknown}
 F - a +4 ring of strength (left hand)
Wands
 E - a wand of acid (8)
 J - a wand of flame (13)
Scrolls
 c - 3 scrolls of teleportation
 d - 4 scrolls of remove curse
 l - 3 scrolls of fear
 u - 7 scrolls of enchant armour
 z - 2 scrolls of enchant weapon
 G - a scroll of amnesia
Potions
 a - 2 potions of curing
 e - 4 potions of stabbing
 p - 3 potions of flight
 v - a potion of magic
 B - a potion of might
 D - a potion of resistance
Comestibles
 f - 23 rations


   Skills:
 + Level 7.1 Fighting
 - Level 12.0 Maces & Flails
   Level 1.7 Bows
 + Level 6.0 Dodging
 * Level 4.5 Shields
 - Level 1.0 Spellcasting
 - Level 2.7 Hexes
 - Level 6.4 Translocations
   Level 2.0 Ice Magic
 - Level 5.2 Evocations


You had 9 spell levels left.
You knew the following spells:

 Your Spells              Type           Power        Failure   Level  Hunger
a - Corona                Hex            ##.....      6%          1    ##.....
b - Blink                 Tloc           N/A          2%          2    ###....

Your spell library contained the following spells:

 Spells                   Type           Power        Failure   Level  Hunger
 Gell's Gravitas          Tloc           ###.......   4%          3    ####...
 Shroud of Golubria       Chrm/Tloc      ##....       9%          2    ###....
 Ensorcelled Hibernation  Hex/Ice        #.....       12%         2    ###....
 Confusing Touch          Hex            ##......     19%         3    ####...
 Tukima's Dance           Hex            ##......     19%         3    ####...
 Foxfire                  Conj/Fire      #...         21%         1    ##.....
 Dazzling Flash           Conj/Hex       #.....       34%         3    ####...
 Inner Flame              Hex/Fire       #.......     34%         3    ####...
 Conjure Flame            Conj/Fire      #.......     52%         3    ####...
 Petrify                  Tmut/Erth      #.......     89%         4    #####..
 Sticky Flame             Conj/Fire      #.......     89%         4    #####..
 Metabolic Englaciation   Hex/Ice        #.........   91%         5    ######.
 Yara's Violent Unravell  Hex/Tmut       #.........   97%         5    ######.
 Fireball                 Conj/Fire      #.........   99%         5    ######.


Dungeon Overview and Level Annotations

Branches:
Dungeon (10/15)            Temple (1/1) D:7            Lair (1/6) D:10
Gauntlet (1/1)
    Orc: D:9-12

Altars:
Ashenzari
Cheibriados
Dithmenos
Fedhas
Gozag
Makhleb
Nemelex Xobeh
Okawaru
Qazlal
Sif Muna
Uskayaw
Vehumet
Wu Jian
The Shining One

Shops:
D:4 }   D:5 =

Annotations:
Gauntlet 11 transporters


Innate Abilities, Weirdness & Mutations

You can breathe blasts of scalding, opaque steam.
Your pale cyan-grey scales are hard. (AC +7)
You cannot fit into any form of body armour.
You are cold-blooded and may be slowed by cold attacks.


Message History

The wolf spider hits you!!
* * * LOW HITPOINT WARNING * * *
The wolf spider bites you.
* * * LOW HITPOINT WARNING * * *
You feel yourself slow down.
You are too berserk!
You are too berserk!
You barely miss the wolf spider.
The wolf spider is moderately wounded.
* * * LOW HITPOINT WARNING * * *
You feel sick. The wolf spider misses you. x2
The jumping spider barely misses you.
The jumping spider bites you but does no damage.
The entropy weaver hits you.
* * * LOW HITPOINT WARNING * * *
The entropy weaver hits you but does no damage. x2
The entropy weaver closely misses you.
You puncture the wolf spider!
The wolf spider is severely wounded.
You die...

...............≈
.8.....8.....8.##
...............≈#
...#########...##
...#.......#...≈#
####...s...#...## ##
©.#.##...###a#####...≈#
.##.#.###©8©#©.s@s.©#©8.##
##.#.#..#...###'.##.#...≈#
##.#.#.######[:#.##.#...##
Z...P.#.#...#.?#....#...≈#
k#.####.#...#########...##
#########...............≈#
..........8.....8.....8.##
...8.....................##
...........###########...≈#


You could see an entropy weaver, a wolf spider and 2 jumping spiders.

Vanquished Creatures
  A hydra (Lair:1)
  Harold (D:7)
  An unseen horror (D:10)
  A black mamba (Lair:1)
  A spiny frog (Lair:1)
  2 hippogriffs
  13 yaks
  Grum (D:10)
  2 wargs (D:10)
  5 water moccasins
  A porcupine (Lair:1)
  2 ice beasts
  2 phantoms
  3 orc warriors
  A necrophage (D:8)
  3 centaurs
  5 crocodiles
  5 ogres
  3 big kobolds
  4 bullfrogs
  3 gnoll sergeants (D:10)
  A scorpion (D:10)
  A water moccasin skeleton (D:7)
  6 killer bees (D:10)
  15 wights
  A howler monkey (D:8)
  4 crimson imps
  2 jellies
  Crazy Yiuf (D:5)
  A centaur zombie (D:6)
  10 hounds
  4 bullfrog skeletons
  3 orc priests
  3 centaur skeletons
  2 gnoll shamans (D:10)
  2 iguanas
  8 orc wizards
  7 worker ants
  A worker ant zombie (D:10)
  16 gnolls (D:10)
  10 adders
  An ooze (D:3)
  An adder skeleton (D:7)
  2 worms
  A dart slug (D:4)
  6 leopard geckos
  14 orcs
  4 giant cockroaches
  9 hobgoblins
  11 jackals
  22 kobolds
  5 quokkas
  A ball python (D:5)
  5 bats
  6 frilled lizards
  10 goblins
  A quokka zombie (D:5)
  11 rats
  A fungus (D:5)
269 creatures vanquished.

Vanquished Creatures (others)
  A plant (D:10)
  3 withered plants (Gauntlet)
4 creatures vanquished.

Grand Total: 273 creatures vanquished

Notes
Turn   | Place    | Note
-------+----------+-------------------------------------------
     0 | D:1      | Froggeryz the Draconian Wanderer began the quest for the
                  | Orb.
     0 | D:1      | Froggeryz set off with the following items: a +0 club, a
                  | scroll of teleportation, a ration; and the following spell
                  | memorised: Corona; and the following spells available to
                  | memorise: Ensorcelled Hibernation, Blink, Shroud of
                  | Golubria, Confusing Touch, Tukima's Dance, Dazzling Flash
     0 | D:1      | Reached XP level 1. HP: 16/16 MP: 2/2
   144 | D:1      | Reached XP level 2. HP: 18/24 MP: 1/3
  1204 | D:2      | Reached XP level 3. HP: 17/30 MP: 2/4
  1457 | D:2      | Found a shadowy altar of Dithmenos.
  1483 | D:2      | Learned a level 2 spell: Blink
  1876 | D:2      | Found a sparkling altar of Nemelex Xobeh.
  1879 | D:2      | Found a blossoming altar of Fedhas.
  1903 | D:2      | Found a hide-covered altar of Uskayaw.
  1905 | D:2      | Found a shadowy altar of Dithmenos.
  1905 | D:2      | Found a shimmering blue altar of Sif Muna.
  1907 | D:2      | Found a shattered altar of Ashenzari.
  1908 | D:2      | Found a snail-covered altar of Cheibriados.
  2716 | D:3      | Reached skill level 1 in Maces & Flails
  2716 | D:3      | Reached XP level 4. HP: 30/37 MP: 2/5
  2825 | D:3      | Reached skill level 1 in Translocations
  3201 | D:3      | Found a radiant altar of Vehumet.
  3201 | D:3      | Found a burning altar of Makhleb.
  3234 | D:3      | Reached skill level 2 in Maces & Flails
  3357 | D:4      | Reached XP level 5. HP: 24/44 MP: 4/6
  3577 | D:4      | Found Jamy's Gadget Emporium.
  3908 | D:4      | Noticed an ogre
  3917 | D:4      | Killed an ogre
  3917 | D:4      | Reached skill level 3 in Maces & Flails
  3917 | D:4      | Reached skill level 1 in Dodging
  3964 | D:4      | Found an iron altar of Okawaru.
  3977 | D:4      | Noticed a phantom
  3985 | D:4      | Became a worshipper of Warmaster Okawaru
  4031 | D:4      | Killed a phantom
  4031 | D:4      | Reached skill level 4 in Maces & Flails
  4031 | D:4      | Reached XP level 6. HP: 42/50 MP: 5/7
  4246 | D:5      | Entered Level 5 of the Dungeon
  4348 | D:5      | Found Noddit's Jewellery Emporium.
  4420 | D:5      | Reached * piety under Okawaru
  4420 | D:5      | Reached skill level 5 in Maces & Flails
  4651 | D:5      | Your scales start taking on a pale cyan-grey colour.
  4651 | D:5      | Reached XP level 7. HP: 48/56 MP: 6/8
  5233 | D:5      | Noticed a hippogriff
  5246 | D:5      | Killed a hippogriff
  5246 | D:5      | Reached skill level 6 in Maces & Flails
  5599 | D:5      | Found a runed translucent door.
  5600 | D:5      | Noticed Crazy Yiuf
  5612 | D:5      | Killed Crazy Yiuf
  5612 | D:5      | Reached ** piety under Okawaru
  5819 | D:6      | Reached skill level 7 in Maces & Flails
  5819 | D:6      | Reached XP level 8. HP: 57/62 MP: 8/10
  6774 | D:6      | Reached skill level 8 in Maces & Flails
  6780 | D:6      | Found an opulent altar of Gozag.
  6780 | D:6      | Found a glowing golden altar of the Shining One.
  7111 | D:7      | Found a staircase to the Ecumenical Temple.
  7239 | D:7      | Reached skill level 5 in Evocations
  7491 | D:7      | Reached skill level 9 in Maces & Flails
  7712 | D:7      | Reached *** piety under Okawaru
  7734 | Temple   | Entered the Ecumenical Temple
  8175 | D:7      | Reached XP level 9. HP: 68/68 MP: 12/12
  8289 | D:7      | Reached skill level 10 in Maces & Flails
  8840 | D:8      | Noticed Harold
  9005 | D:7      | Killed Harold
  9005 | D:7      | Reached **** piety under Okawaru
  9005 | D:7      | Reached skill level 11 in Maces & Flails
  9259 | D:8      | Found a stormy altar of Qazlal.
  9499 | D:8      | Reached skill level 12 in Maces & Flails
  9851 | D:9      | Reached ***** piety under Okawaru
  9860 | D:9      | Reached XP level 10. HP: 53/77 MP: 13/13
 10276 | D:9      | Received a gift from Okawaru
 10682 | D:10     | Entered Level 10 of the Dungeon
 10682 | D:10     | Noticed an unseen horror
 10689 | D:10     | Killed an unseen horror
 10709 | D:10     | Found an ornate altar of the Wu Jian Council.
 10768 | D:10     | Reached skill level 5 in Fighting
 10872 | D:10     | Noticed Grum
 10880 | D:10     | Killed Grum
 11376 | D:10     | Found a staircase to the Lair.
 11390 | D:10     | Reached skill level 5 in Translocations
 11390 | D:10     | Received a gift from Okawaru
 11403 | D:10     | Got an encrusted rapier {god gift}
 11429 | D:10     | Identified the +6 rapier of Fee Simple {vorpal, *Slow +Rage
                  | Int+3} (Okawaru gifted it to you on level 10 of the
                  | Dungeon)
 11485 | D:10     | Reached skill level 5 in Dodging
 11924 | D:10     | Reached XP level 11. HP: 75/89 MP: 14/14
 12188 | Lair:1   | Entered Level 1 of the Lair of Beasts
 12311 | Lair:1   | Noticed a six-headed hydra
 12330 | Lair:1   | Killed a six-headed hydra
 12597 | Lair:1   | Found a gate leading to a gauntlet.
 12613 | Gauntlet | Entered a Gauntlet
 12613 | Gauntlet | Found a transporter.
 12613 | Gauntlet | Noticed a green ugly thing
 12892 | Gauntlet | Found a runed translucent gate.
 12893 | Gauntlet | Found a transporter.
 12893 | Gauntlet | Found a runed translucent gate.
 12894 | Gauntlet | Found a transporter.
 12894 | Gauntlet | Noticed a ghost crab
 12895 | Gauntlet | Found a transporter.
 12898 | Gauntlet | Found a transporter.
 12899 | Gauntlet | Found a transporter.
 12907 | Gauntlet | Found a transporter.
 12907 | Gauntlet | Noticed a death drake
 12913 | Gauntlet | Found a transporter.
 12920 | Gauntlet | Noticed a blizzard demon
 12930 | Gauntlet | Found a transporter.
 12947 | Gauntlet | Found a transporter.
 12951 | Gauntlet | Found a transporter.
 12953 | Gauntlet | Noticed a glowing orange brain
 12954 | Gauntlet | Noticed a glowing orange brain
 12959 | Gauntlet | Found a transporter.
 12992 | Gauntlet | Noticed an entropy weaver
 12993 | Gauntlet | Noticed a wolf spider
 12994 | Gauntlet | Found a runed translucent gate.
 13011 | Gauntlet | HP: 6/138 [wolf spider (22)]
 13012 | Gauntlet | HP: 2/138 [entropy weaver (1)]
 13013 | Gauntlet | Succumbed to a wolf spider's poison

Levels and vault maps discovered:
D:1:      roderic_chinese_lattice_arrival, layout_basic
D:2:      layout_loops_ring, grunt_temple_overflow_open,
          nicolae_dithmenos_through_a_glass_darkly
D:3:      layout_basic, grunt_temple_overflow_lords_of_destruction, first_ration
D:4:      layout_rooms, okawaru_metal_pillars_1_2, serial_shops, shop_fountains,
          minmay_misc_feat_secret_circle
D:5:      cheibrodos_barr_body, layout_basic, serial_shops, shop, moated_statue,
          uniq_crazy_yiuf_cottage
D:6:      layout_basic, chequers_temple_overflow_statue_of_worship
D:7:      lemuel_ice_spiral_2, layout_basic, minmay_temple_entry_arrows
D:8:      layout_rooms, nicolae_qazlal_general_emergency, uniq_harold
D:9:      layout_long_grid, grunt_pizzeria
D:10:     layout_cave_pools, erik_lair_orcish_takeover, serial_gnoll_camp,
          grums_kennel, gnoll_camp_huts_basic, gnoll_camp_mini_hut,
          gnoll_camp_mini_loothouse, gnoll_camp_mini_doghouse,
          gnoll_camp_mini_hut, basic_altar
Temple:   nicolae_temple_figure_zero
Lair:1:   minmay_lair_oklob_tunnel, layout_cave_pods, gauntlet_entry_generic,
          grunt_megastairs_1
Gauntlet: minmay_gauntlet_mixed_oops_all_seconds
          [minmay_gauntlet_arena_77_two_lines, nicolae_gauntlet_arena_t_cross,
          minmay_gauntlet_arena_77_run_for_it,
          gammafunk_gauntlet_arena_split_diamond,
          minmay_gauntlet_arena_77_two_paths, gammafunk_gauntlet_arena_mazey,
          gauntlet_exit_hidden_loot]

Skill      XL: |  1  2  3  4  5  6  7  8  9 10 11 |
---------------+----------------------------------+-----
Hexes          | 2 |  2.7
Fighting       | 2 3 6 7 |  7.1
Maces & Flails | 1 2 4 5 7 9 12 | 12.0
Translocations | 2 6 |  6.4
Dodging        | 1 2 5 6 |  6.0
Evocations     | 3 5 |  5.2
Shields        | 4 |  4.5
Bows           | |  1.7
Spellcasting   | |  1.0
Ice Magic      | |  2.0

Action                   |  1- 3 |  4- 6 |  7- 9 | 10-12 || total
-------------------------+-------+-------+-------+-------++-------
Melee: Club              |   128 |       |       |       ||   128
       Tailslap          |    10 |    18 |    55 |    34 ||   117
       Whip              |    55 |   173 |    27 |       ||   255
       Mace              |       |       |   410 |       ||   410
       Flail             |       |       |   104 |   279 ||   383
       Rapier            |       |       |       |     4 ||     4
Throw: Stone             |    16 |     9 |       |       ||    25
       Dart              |       |     2 |     6 |       ||     8
       Javelin           |       |     2 |     2 |       ||     4
 Cast: Corona            |    33 |    29 |    43 |       ||   105
Invok: Heroism           |       |       |       |     1 ||     1
 Abil: Breathe Steam     |       |       |    12 |    33 ||    45
       Evoke Berserk Rag |       |       |       |     1 ||     1
Evoke: Wand              |       |     4 |     2 |     4 ||    10
  Use: Scroll            |     6 |       |     6 |     8 ||    20
       Potion            |       |       |     6 |     2 ||     8
 Stab: Paralysed         |       |    21 |     3 |       ||    24
       Distracted        |       |       |       |     1 ||     1
  Eat: Chunk             |     9 |    14 |    18 |    14 ||    55
Armor: Skin              |    58 |    65 |   187 |   123 ||   433
Dodge: Dodged            |   118 |    95 |   302 |   179 ||   694

Table legend:
 A = Non-vault XP
 B = Vault XP
 C = Vault XP percentage of total XP
 D = Non-vault monster count
 E = Vault monster count
 F = Vault count percentage of total count
                 A         B        C        D         E       F
            +---------+---------+-------+---------+---------+-------
      Total |   12217 |    3217 |  20.8 |     220 |      48 |  17.9
            +---------+---------+-------+---------+---------+-------
        D:1 |      30 |       0 |   0.0 |      21 |       0 |   0.0
        D:2 |      37 |       0 |   0.0 |      15 |       0 |   0.0
        D:3 |      65 |      50 |  43.5 |      27 |       1 |   3.6
        D:4 |     326 |       0 |   0.0 |      12 |       0 |   0.0
        D:5 |     515 |     368 |  41.7 |      13 |       8 |  38.1
        D:6 |     719 |       0 |   0.0 |      15 |       0 |   0.0
        D:7 |    1202 |     992 |  45.2 |      31 |       1 |   3.1
        D:8 |     735 |       0 |   0.0 |      18 |       0 |   0.0
        D:9 |    1179 |     124 |   9.5 |      14 |       1 |   6.7
       D:10 |    3225 |    1526 |  32.1 |      32 |      36 |  52.9
     Temple |     106 |       0 |   0.0 |       5 |       0 |   0.0
     Lair:1 |    4078 |     157 |   3.7 |      17 |       1 |   5.6
            +---------+---------+-------+---------+---------+-------
